 Dungeon Crawl Stone Soup version 0.28-a0-1087-gf3fc490d9d (webtiles) character file.

Game seed: 4861180934842392421

248 karrick the Covered (level 6, 0/38 HPs)
             Began as a Gargoyle Fighter on Dec 11, 2021.
             Slain by an ogre (25 damage)
             ... on level 5 of the Dungeon.
             The game lasted 00:04:06 (3942 turns).

karrick the Covered (Gargoyle Fighter)              Turns: 3942, Time: 00:04:06

Health: 0/38       AC: 13    Str: 19    XL:     6   Next: 12%
Magic:  6/6        EV:  9    Int:  9    God:
Gold:   145        SH:  4    Dex: 11    Spells: 5/5 levels left

rFire   . . .      SeeInvis .   a - +0 flail
rCold   . . .      Faith    .   c - +0 buckler
rNeg    + . .      Spirit   .   b - +0 scale mail
rPois   ∞          Reflect  .   (no helmet)
rElec   +          Harm     .   n - scarf {repulsion}
rCorr   .          Rampage  .   m - +1 pair of gloves
Will    .....                   (no boots)
Stlth   ..........              (no amulet)
HPRegen 0.12/turn               (no ring)
MPRegen 0.10/turn               (no ring)

@: repel missiles
A: sickness immunity, AC +4, negative energy resistance 1, electricity
resistance, torment resistance 1, petrification resistance
a: no special abilities


You were on level 5 of the Dungeon.
You visited 1 branch of the dungeon, and saw 5 of its levels.

You collected 145 gold pieces.

Inventory:

Hand Weapons
 a - a +0 flail (weapon)
Armour
 b - a +0 scale mail (worn)
 c - a +0 buckler (worn)
 m - a +1 pair of gloves (worn)
 n - a scarf of repulsion (worn)
Scrolls
 e - 5 scrolls of identify {unknown}
 f - a scroll of noise {unknown}
 g - a scroll of acquirement {unknown}
 k - a scroll of teleportation {unknown}
Potions
 d - a potion of might
 h - a potion of degeneration {unknown}
 i - a potion of berserk rage {unknown}
 j - a potion of curing {unknown}
 l - 2 potions of mutation {unknown}
 o - a potion of flight {unknown}
 p - a potion of haste {unknown}


   Skills:
 + Level 3.8 Fighting
 + Level 4.3 Maces & Flails
 + Level 4.7 Armour
 + Level 0.6 Dodging
 + Level 0.1 Stealth
 + Level 4.0 Shields


You had 5 spell levels left.
You didn't know any spells.
Your spell library contained the following spells:

 Spells                   Type           Power      Damage    Failure   Level
 Sandblast                Erth           0%         2d4       75%         1
 Passwall                 Tmut/Erth      0%         N/A       86%         2
 Gell's Gravitas          Tloc           0%         N/A       98%         3
 Inner Flame              Hex/Fire       0%         N/A       98%         3
 Stone Arrow              Conj/Erth      0%         3d7       98%         3
 Teleport Other           Tloc           0%         N/A       98%         3
 Cause Fear               Hex            0%         N/A       100%        4
 Dispersal                Tloc           0%         N/A       100%        6
 Discord                  Hex            0%         N/A       100%        8


Dungeon Overview and Level Annotations

Branches:
Dungeon (5/15)
 Temple: D:4-7

Altars:
Vehumet


Innate Abilities, Weirdness & Mutations

You are immune to sickness and miasma.
Your stone body is resilient. (AC +4)
You are immune to poison.
You resist negative energy. (rN+)
You are resistant to electric shocks. (rElec)
You are resistant to unholy torment.
You are immune to petrification.


Message History

You hit the centaur zombie.
The centaur zombie is moderately damaged.
The centaur zombie closely misses you.
The centaur zombie kicks you but does no damage.
You sock the centaur zombie!
The centaur zombie is heavily damaged.
The centaur zombie hits you but does no damage.
The centaur zombie kicks you but does no damage.
The centaur zombie hits you but does no damage.
You block the centaur zombie's attack.
Your shield prevents you from hitting the centaur zombie.
The centaur zombie is heavily damaged.
You block the centaur zombie's attack. The centaur zombie barely misses you.
You sock the centaur zombie!
The centaur zombie is almost destroyed.
The centaur zombie hits you but does no damage.
The centaur zombie misses you. The centaur zombie hits you.
You block the centaur zombie's attack.
You sock the centaur zombie!
You destroy the centaur zombie!
Your Shields skill increases to level 4!
You have reached level 6!
An ogre comes into view. It is wielding a +0 giant club.
The ogre shouts!
A howler monkey skeleton comes into view.
The ogre closely misses you.
You hit the ogre.
The ogre is lightly wounded.
The ogre hits you with a +0 giant club!
You hit the ogre.
The ogre is moderately wounded.
The ogre hits you but does no damage.
You hit the ogre but do no damage.
The ogre is moderately wounded.
You block the ogre's attack.
You hit the ogre.
The ogre is heavily wounded.
The ogre hits you with a +0 giant club!!
Ouch! That really hurt!
You die...

##############
#.....@OZ.....
#.############
######.# #......#
#.....###########
###...............
.<......#######..#
###...>.##### #..#
#.........###..#


You could see an ogre and a howler monkey skeleton.

Vanquished Creatures
  A centaur zombie (D:5)
  A jelly (D:5)
  A killer bee zombie (D:4)
  7 adders
  A white imp (D:5)
  An ufetubus (D:5)
  A worm (D:2)
  2 dart slugs (D:1)
  2 orcs (D:3)
  7 endoplasms
  3 giant cockroaches
  6 goblins
  9 hobgoblins
  4 jackals (D:1)
  7 kobolds
  2 quokkas
  4 ball pythons
  10 bats
  5 frilled lizards
  3 rats
77 creatures vanquished.

Notes
Turn   | Place    | Note
-------+----------+-------------------------------------------
     0 | D:1      | karrick the Gargoyle Fighter began the quest for the Orb.
     0 | D:1      | Reached XP level 1. HP: 14/14 MP: 1/1
   384 | D:1      | Reached XP level 2. HP: 7/19 MP: 2/2
  1149 | D:1      | Reached XP level 3. HP: 23/23 MP: 3/3
  1802 | D:2      | Reached XP level 4. HP: 29/29 MP: 4/4
  2741 | D:3      | Found a faded altar of an unknown god.
  2824 | D:3      | Reached XP level 5. HP: 31/33 MP: 5/5
  3526 | D:4      | Noticed an ogre
  3536 | D:5      | Entered Level 5 of the Dungeon
  3721 | D:5      | Found a radiant altar of Vehumet.
  3895 | D:5      | Reached XP level 6. HP: 34/38 MP: 6/6
  3942 | D:5      | Slain by an ogre

Illustrated notes

Levels and vault maps discovered:
D:1:      elethiomel_arrival_quiet, layout_loops_corners
D:2:      layout_loops_cross
D:3:      layout_basic, nicolae_ecumenical_lake_church,
          kennysheep_generic_room_15
D:4:      layout_loops_ring, mainiacjoe_overflow_alcove_4,
          nicolae_ashenzari_panopticon, uniq_natasha, uniq_robin
D:5:      layout_loops_ring, mainiacjoe_overflow_paths

Skill      XL: |  1  2  3  4  5 |
---------------+----------------+-----
Maces & Flails | 3 4 |  4.3
Armour         | 4 |  4.7
Shields        | 4 |  4.0
Fighting       | |  3.8
Dodging        | |  0.6
Stealth        | |  0.1

Action                   |  1- 3 |  4- 6 || total
-------------------------+-------+-------++-------
Melee: Flail             |   113 |   170 ||   283
Armor: Scale mail        |    64 |   106 ||   170
Dodge: Dodged            |    33 |    97 ||   130
       Repelled          |       |     1 ||     1
Block: Buckler           |    23 |    57 ||    80

Table legend: (Time is in decaauts)
 A = Elapsed time spent in this place.
 B = Non-inter-level travel time spent in this place.
 C = Inter-level travel time spent in this place.
 D = Time resting spent in this place.
 E = Time spent auto-exploring this place.
 F = Levels seen in this place.
 G = Mean time per level.
                   A        B        C        D        E       F      G
               +--------+--------+--------+--------+--------+-----+--------+
         Total |   4016 |   3914 |    102 |      0 |   3278 |   5 |  803.2 |
       Dungeon |   4016 |   3914 |    102 |      0 |   3278 |   5 |  803.2 |
               +--------+--------+--------+--------+--------+-----+--------+

Top non-repeatable levels by time:
     D:1: 1430 daAuts
     D:3: 1200 daAuts
     D:2: 797 daAuts
     D:5: 413 daAuts
     D:4: 174 daAuts
